[Event "Cerrado Blitz Quart 2018"]
[Site "Quart (Valencia), Spain"]
[Date "2018.08.30"]
[Round "5.5"]
[White "Kovacevic, Slobodan"]
[Black "Lara Lopez, Sergio"]
[Result "1-0"]
[TimeControl "7 minutos +3s por jugada"]
[WhiteTitle "IM"]
[WhiteFideId "902152"]
[BlackFideId "2268400"]
[WhiteElo "2418"]
[BlackElo "2165"]

1. d4 e6 2. Nf3 Nf6 3. Bf4 b6 4. Nbd2 Bb7 5. e3 d6 6. c3 Nbd7 7. h3 Ne4 8.
Nxe4 Bxe4 9. a4 h6 10. Ba6 g5 11. Bh2 Bg7 12. O-O O-O 13. Nd2 Bg6 14. e4 Kh8 15. f4 f5 16. Qe2 Qe7 17.
Rae1 Qf7 18. e5 dxe5 19.
dxe5 Nc5 20. Bb5 a6 21. Bc6 Rad8 22. b4 Nd3 23. Rd1 gxf4 24.
Nf3 Bh5 25. Rxd3 1-0

[Event "Cerrado Blitz Quart 2018"]
[Site "Quart (Valencia), Spain"]
[Date "2018.08.30"]
[Round "6.1"]
[White "Pena Riasco, Alexander"]
[Black "Lara Lopez, Sergio"]
[Result "1-0"]
[TimeControl "7 minutos +3s por jugada"]
[WhiteTitle "FM"]
[WhiteFideId "4403339"]
[BlackFideId "2268400"]
[WhiteElo "2119"]
[BlackElo "2165"]

1. d4 e6 2. Bf4 Nf6 3. e3 b6 4. Nf3 Bb7 5. h3 d6 6. Bd3 Nbd7 7. O-O Ne4 8.
Nbd2 Ndf6 9. a4 a6 10. a5 b5 11.
c4 bxc4 12. Nxc4 Be7 13. Qc2 O-O 14. Rfc1 Rc8 15. Qe2 c5 16.
Nb6 Rc6 17. Bxa6 Bxa6 18. Qxa6 Nd5 19. Qb5 Nb4 20. Rc4 d5 21.
Rxb4 Rxb6 22. axb6 cxb4 23. b7 Nd6 24. Qc6 g5 25. Ra8 gxf4 26.
Rxd8 Rxd8 27. Qc7 1-0

[Event "Cerrado Blitz Quart 2018"]
[Site "Quart (Valencia), Spain"]
[Date "2018.08.30"]
[Round "6.2"]
[White "Galvan Cipriani, Viviana"]
[Black "Kovacevic, Slobodan"]
[Result "0-1"]
[TimeControl "7 minutos +3s por jugada"]
[WhiteTitle "WFM"]
[BlackTitle "IM"]
[WhiteFideId "32041144"]
[BlackFideId "902152"]
[WhiteElo "1948"]
[BlackElo "2418"]

1. c4 c5 2. Nc3 Nf6 3. g3 e6 4. e4 d6 5. Bg2 a6 6. Nge2 Qc7 7. d3 Nc6 8. O-O Rb8 9. h3 b5 10. b3 b4 11. Na4 e5 12.
Be3 Nd4 13. Kh2 Be7 14. Qd2 Bd7 15. Nb2 a5 16. f4 O-O 17. f5 Qd8 18. g4 h6 19. Ng3 Kh8 20. Bxh6 gxh6 21. Qxh6+ Nh7 22. Nh5 Rg8 23. f6 Bf8 24. Qd2 Rg6 25. Qf2 Bh6 26. Nd1 Ne6 27. Ne3 Bf4+ 28. Kh1 Nxf6 29. Nf5 Nxh5 30. gxh5 Rg8 31. Nxd6 Qe7 32. Nf5 Qf6 33.
Rab1 Rg5 34. h6 Rbg8 35.
Bf3 Nd4 36. Nxd4 cxd4 37. Rg1 Be3 0-1

[Event "Cerrado Blitz Quart 2018"]
[Site "Quart (Valencia), Spain"]
[Date "2018.08.30"]
[Round "6.3"]
[White "Vega Gutierrez, Sabrina"]
[Black "Ordoñez Carrasco, Jorge"]
[Result "1-0"]
[TimeControl "7 minutos +3s por jugada"]
[WhiteTitle "IM"]
[WhiteFideId "2219026"]
[BlackFideId "24529826"]
[WhiteElo "2188"]
[BlackElo "1531"]

1. e4 c5 2. Nf3 d6 3. d4 cxd4 4. Nxd4 Nf6 5. Nc3 g6 6. Bc4 Bg7 7. O-O O-O 8. Re1 Nfd7 9. a4 Nc6 10.
Nb3 a6 11. Bf1 Nf6 12. Nd5 Nxd5 13. exd5 Ne5 14. Be3 Qc7 15. Bd4 Bf5 16. c3 Rfe8 17. h3 h5 18. f4 Nc4 19. Bxg7 Kxg7 20. Qd4+ 1-0

[Event "Cerrado Blitz Quart 2018"]
[Site "Quart (Valencia), Spain"]
[Date "2018.08.30"]
[Round "6.4"]
[White "Galvan, Jesus"]
[Black "Chernikov, Vladimir"]
[Result "1-0"]
[TimeControl "7 minutos +3s por jugada"]
[WhiteTitle "FM"]
[WhiteFideId "3800458"]
[BlackFideId "14112914"]
[WhiteElo "2225"]
[BlackElo "2035"]

1. c4 Nf6 2. Nc3 c5 3. g3 Nc6 4. Bg2 g6 5. a3 Bg7 6. Rb1 e6 7. b4 d6 8.
Nf3 Nd7 9. O-O O-O 10. Ne1 Rb8 11. Ne4 Qc7 12. Bb2 Nce5 13. d3 f6 14. Rc1 b6 15. e3 Bb7 16. f4 Nc6 17. Qd2 Rbe8 18.
d4 d5 19. cxd5 exd5 20. Nc3 cxd4 21. Nb5 Qb8 22. Nxd4 Nxd4 23. Bxd4 Qd6 24. Nd3 f5 25. Qb2 Bxd4 26. Qxd4 Re7 27. a4 Rfe8 28. Rfe1 Qf6 29. Bxd5+ Bxd5 30. Qxd5+ Kg7 31. Qd4 Rxe3 32. Qxd7+ R8e7 33. Qd5 h5 34.
Rxe3 Rxe3 35. Re1 Rxe1+ 36. Nxe1 h4 37. Qe5 1-0

[Event "Cerrado Blitz Quart 2018"]
[Site "Quart (Valencia), Spain"]
[Date "2018.08.30"]
[Round "6.5"]
[White "Alonso Garcia, Aaron"]
[Black "Diaz Velandia, J Manuel"]
[Result "0-1"]
[TimeControl "7 minutos +3s por jugada"]
[WhiteTitle "FM"]
[BlackTitle "FM"]
[WhiteFideId "24521060"]
[BlackFideId "3901939"]
[WhiteElo "1604"]
[BlackElo "2367"]

1. e4 c6 2. d4 d5 3. Nc3 dxe4 4. Nxe4 Nf6 5. Nxf6+ exf6 6. c3 Bd6 7. Bd3 O-O 8. Qc2 g6 9. Ne2 Qc7 10. Bh6 Re8 11. O-O-O Be6 12. Kb1 b5 13. h4 Nd7 14. h5 f5 15. g4 Bf8 16. gxf5 Bd5 17.
Bf4 Bd6 18. Bxd6 Qxd6 19. Rhg1 g5 20.
Rxg5+ Kh8 21. Rdg1 Rg8 22. Qd2 h6 23.
Rxg8+ Rxg8 24. Rxg8+ Kxg8 25. Qe3 Kg7 26. Nf4 a5 27.
Qg3+ Kf6 28. Qh4+ Kg7 29. Ne2 a4 30. Qg3+ Qxg3 31. fxg3 Kf6 32. Nf4 Bf3 33.
Kc2 Kg5 34. Kd2 Kg4 35. Ke3 Kxg3 36. d5 Nf6 37. d6 Nd7 38. f6 Nxf6 39. Bf5 Bg4 40. Bxg4 Kxg4 41. Nd3 Nd7 42. Ke4 f5+ 43. Ke3 Kxh5 44. Kd4 f4 45. Nxf4+ Kg4 46.
Nd3 Kf5 47. Nc5 Nb6 48. Nb7 h5 49. Kc5 Nd7+ 50. Kxc6 Ne5+ 51. Kd5 h4 52. Nc5 h3 53. Nd3 Nxd3 54. d7 h2 55.
d8=Q h1=Q+ 56. Kd4 Qe4# 0-1

[Event "Cerrado Blitz Quart 2018"]
[Site "Quart (Valencia), Spain"]
[Date "2018.08.30"]
[Round "7.1"]
[White "Diaz Velandia, J Manuel"]
[Black "Pena Riasco, Alexander"]
[Result "1-0"]
[TimeControl "7 minutos +3s por jugada"]
[WhiteTitle "FM"]
[BlackTitle "FM"]
[WhiteFideId "3901939"]
[BlackFideId "4403339"]
[WhiteElo "2367"]
[BlackElo "2119"]

1. d4 d5 2. Nf3 Nf6 3. e3 e6 4. Bd3 Bd6 5. O-O Nbd7 6. c3 c6 7. Nbd2 e5 8. e4 O-O 9. Nxe5 Nxe5 10. dxe5 Bxe5 11. f4 Bc7 12.
e5 Ng4 13. Qe2 Bb6+ 14. Kh1 Qh4 15. g3 Qh3 16. Nf3 h6 17. Nd4 c5 18. Nf3 c4 19. Bc2 Bd7 20.
Qg2 Qh5 21. Nd4 Rae8 22. Bd2 Nxe5 23.
fxe5 Rxe5 24. Bd1 Qg6 25. Bf4 Re7 26.
Bf3 Rfe8 27. Rad1 Bg4 28. Rd2 Re1 29.
Rd1 R1e7 30. Bxg4 Qxg4 31. h3 Qh5 32. g4 Qg6 33.
Rd2 Bxd4 34. cxd4 Re4 35. Be5 Qg5 36. Rdf2 f6 37. Bf4 Qg6 38. Rd2 Qf7 39. Bh2 b5 40. Qf3 Re3 41. Qg2 Qe6 42. Bg1 Re4 43. a3 a5 44. Ra1 Kh7 45. Qf3 Kg8 46. Rf1 b4 47. axb4 axb4 48. Ra1 Qc6 49. Rg2 Re1 50. Rxe1 Rxe1 51. Qf2 Qe6 52.
Qd2 b3 53. Kh2 Qe4 54. Rf2 Kh8 55. Qa5 Qe3 56. Qd8+ Kh7 57. Qxd5 Rxg1 58. Kxg1 1-0

[Event "Cerrado Blitz Quart 2018"]
[Site "Quart (Valencia), Spain"]
[Date "2018.08.30"]
[Round "7.2"]
[White "Chernikov, Vladimir"]
[Black "Alonso Garcia, Aaron"]
[Result "1-0"]
[TimeControl "7 minutos +3s por jugada"]
[BlackTitle "FM"]
[WhiteFideId "14112914"]
[BlackFideId "24521060"]
[WhiteElo "2035"]
[BlackElo "1604"]

1. b3 e5 2. Bb2 Nc6 3. e3 Nge7 4. c4 g6 5. Nc3 Bg7 6. d3 d5 7. Nge2 O-O 8.
cxd5 Nxd5 9. Nxd5 Qxd5 10. Nc3 Qd8 11. Be2 Bf5 12. O-O Qe7 13. a3 Rad8 14. Qc2 Rfe8 15. b4 a6 16. Rad1 a5 17. b5 Na7 18. Bf3 Bxd3 19. Rxd3 Rxd3 20. Qxd3 e4 21.
Bxe4 Bxc3 22. Qxc3 1-0

[Event "Cerrado Blitz Quart 2018"]
[Site "Quart (Valencia), Spain"]
[Date "2018.08.30"]
[Round "7.3"]
[White "Ordoñez Carrasco, Jorge"]
[Black "Galvan, Jesus"]
[Result "0-1"]
[TimeControl "7 minutos +3s por jugada"]
[BlackTitle "FM"]
[WhiteFideId "24529826"]
[BlackFideId "3800458"]
[WhiteElo "1531"]
[BlackElo "2225"]

1. e4 c5 2. Nf3 Nf6 3. Nc3 Nc6 4. Bc4 e6 5. d3 d5 6. exd5 exd5 7. Bb5 Be7 8. O-O O-O 9. Bf4 Bg4 10.
h3 Bh5 11. Bxc6 bxc6 12. Re1 h6 13.
g4 Bg6 14. Ne5 Rc8 15. Nxg6 fxg6 16. Qe2 Rf7 17. Qe6 Qd7 18. Re2 Qxe6 19. Rxe6 Bf8 20. Rae1 Nxg4 21. hxg4 Rxf4 22. Rxg6 Kf7 23. Rge6 Rxg4+ 24. Kh2 Rg6 25. R6e5 Bd6 26. f4 Bxe5 27. Rxe5 Re8 28. Rf5+ Rf6 29.
Rxf6+ Kxf6 30. Kg3 Kf5 31. Kf3 h5 32. Na4 h4 33. Nxc5 h3 34. Kg3 Re3+ 35. Kh2 Kg4 36. Nd7 Re2+ 37. Kh1 Kg3 0-1

[Event "Cerrado Blitz Quart 2018"]
[Site "Quart (Valencia), Spain"]
[Date "2018.08.30"]
[Round "7.4"]
[White "Kovacevic, Slobodan"]
[Black "Vega Gutierrez, Sabrina"]
[Result "1-0"]
[TimeControl "7 minutos +3s por jugada"]
[WhiteTitle "IM"]
[BlackTitle "IM"]
[WhiteFideId "902152"]
[BlackFideId "2219026"]
[WhiteElo "2418"]
[BlackElo "2188"]

1. d4 d6 2. Nf3 Nd7 3. Bf4 g6 4.
e3 Bg7 5. c4 e5 6. Bg5 f6 7. Bh4 Nh6 8. Bd3 Qe7 9. Nc3 c6 10. O-O O-O 11. h3 g5 12. Bg3 f5 13. Bc2 f4 14. exf4 exf4 15. Bh2 Nf7 16.
Re1 Qf6 17. Qd3 Qh6 18. Re7 Nf6 19. Ne4 Nxe4 20. Qxe4 Bf6 21. Re8 Bd7 22. Rxa8 Rxa8 23. Qd3 Re8 24. Re1 Rxe1+ 25. Nxe1 Qg7 26. Nf3 Nh6 27. Qa3 Bxd4 28.
Qxd6 Bxb2 29. Qb8+ Kf7 30. Qxb7 Ke7 31. Qb4+ Ke8 32. Bxh7 Ba3 33. Qe1+ Be7 34. Be4 g4 35. hxg4 Qxg4 36. Qd2 Qe6 37. Qxf4 Qxc4 38. Bg6+ 1-0

[Event "Cerrado Blitz Quart 2018"]
[Site "Quart (Valencia), Spain"]
[Date "2018.08.30"]
[Round "7.5"]
[White "Lara Lopez, Sergio"]
[Black "Galvan Cipriani, Viviana"]
[Result "1/2-1/2"]
[TimeControl "7 minutos +3s por jugada"]
[BlackTitle "WFM"]
[WhiteFideId "2268400"]
[BlackFideId "32041144"]
[WhiteElo "2165"]
[BlackElo "1948"]

1. e4 c5 2. Nc3 Nc6 3. g3 g6 4. Bg2 Bg7 5. d3 d6 6. Be3 Rb8 7. Qd2 b5 8. h4 b4 9. Nd1 h5 10.
Ne2 Nd4 11. Nc1 e6 12. c3 bxc3 13. bxc3 Nc6 14. Ne2 Nge7 15. O-O O-O 16. Bh6 a5 17. Bxg7 Kxg7 18. Ne3 Qb6 19. Nc4 Qc7 20. f4 f5 21.
Rad1 d5 22. Ne3 Rd8 23. Qc2 Ba6 24. Kh1 Qd7 25. exd5 exd5 26. d4 cxd4 27. Nxd4 Nxd4 28. Rxd4 Bxf1 29. Bxf1 Qe6 30. Qd3 Rb2 31.
Bg2 Rxa2 32. c4 dxc4 33. Nxc4 Rxd4 34. Qxd4+ Qf6 35. Ne5 Rc2 36. Qd7 Rc1+ 37. Kh2 Rc2 38. Kh3 a4 39. Qxa4 Rb2 40. Qd7 Rc2 41. Qe8 Ng8 42. Bd5 Ne7 43. Qd7 Kh6 44. Nf7+ Kg7 45. Ng5 Kh6 46.
Qb7 Qb2 47. Bg2 Qxb7 48. Bxb7 Kg7 49. Bf3 Ng8 50. Bd1 Rb2 51. Nf3 Nf6 52. Ne1 Ne4 53. Bf3 Nf2+ 54. Kg2 Nd3+ 55. Kf1 Rf2+ 56. Kg1 Rd2 57. Nxd3 Rxd3 58. Kf2 Kf6 59. Ke2 1/2-1/2

[Event "Cerrado Blitz Quart 2018"]
[Site "Quart (Valencia), Spain"]
[Date "2018.08.30"]
[Round "8.1"]
[White "Pena Riasco, Alexander"]
[Black "Galvan Cipriani, Viviana"]
[Result "0-1"]
[TimeControl "7 minutos +3s por jugada"]
[WhiteTitle "FM"]
[BlackTitle "WFM"]
[WhiteFideId "4403339"]
[BlackFideId "32041144"]
[WhiteElo "2119"]
[BlackElo "1948"]

1. d4 c5 2. d5 e6 3. c4 exd5 4. cxd5 d6 5. e4 Nf6 6. Nc3 g6 7. Bb5+ Bd7 8. a4 a6 9.
Bd3 Bg7 10. f4 O-O 11. Nf3 Bg4 12. h3 Bxf3 13. Qxf3 Re8 14. O-O Nbd7 15. a5 Rb8 16.
Ra4 Qc7 17. Nd1 b5 18. axb6 Rxb6 19. Nc3 Nb8 20. Kh1 Nfd7 21. g4 Rb4 22. Ra3 c4 23. Bc2 Nc5 24. Kg2 Nbd7 25. g5 Nb3 26. Bxb3 cxb3 27. Bd2 Nc5 28. Re1 Qb7 29. Re2 Rd4 30. Ra1 Rd3 31.
Qf1 Qb6 32. Rae1 Qb7 33. Qf2 a5 34. Be3 Bxc3 35. bxc3 Rxc3 36. e5 dxe5 37. fxe5 Nd3 38. Qf3 Nxe1+ 39. Rxe1 Rxe5 40. Bd4 Rxf3 41. Bc5 0-1

[Event "Cerrado Blitz Quart 2018"]
[Site "Quart (Valencia), Spain"]
[Date "2018.08.30"]
[Round "8.2"]
[White "Vega Gutierrez, Sabrina"]
[Black "Lara Lopez, Sergio"]
[Result "0-1"]
[TimeControl "7 minutos +3s por jugada"]
[WhiteTitle "IM"]
[WhiteFideId "2219026"]
[BlackFideId "2268400"]
[WhiteElo "2188"]
[BlackElo "2165"]

1. e4 e6 2. d3 c5 3. g3 Nc6 4. Bg2 Be7 5. f4 d5 6. e5 f6 7. Nf3 Nh6 8. O-O O-O 9. c3 Qc7 10. Qe2 b6 11. Na3 a6 12. Nc2 a5 13. Re1 Ba6 14. exf6 Rxf6 15. Bh3 Nd8 16. g4 Rxf4 17. Bxf4 Qxf4 18. Qe3 Bd6 19. Qxf4 Bxf4 20. d4 Bd3 21. Ne3 Be4 22. Nd2 cxd4 23. cxd4 Bg6 24. Rac1 Nhf7 25. Bg2 Rb8 26. Ndf1 Nd6 27. h4 Bd3 28. Rcd1 Ba6 29. Bf3 g6 30. Ng2 Bh6 31. g5 Bg7 32. Nf4 Nf5 33. Nxe6 Nxe6 34. Rxe6 Nxd4 35. Re3 Nxf3+ 36. Rxf3 Be2 37. Rfd3 Bxd1 38. Rxd1 d4 39. Nd2 Rc8 40. Nf3 Rc2 41. Rd2 Rxd2 42.
Nxd2 Kf7 43. Nc4 Ke6 44. Nxb6 d3 45. Nc4 Kd5 46. b3 Kd4 47. Kf1 Kc3 48. Ke1 Kc2 49. Ne3+ Kc1 50. Nd1 Be5 0-1

[Event "Cerrado Blitz Quart 2018"]
[Site "Quart (Valencia), Spain"]
[Date "2018.08.30"]
[Round "8.3"]
[White "Galvan, Jesus"]
[Black "Kovacevic, Slobodan"]
[Result "0-1"]
[TimeControl "7 minutos +3s por jugada"]
[WhiteTitle "FM"]
[BlackTitle "IM"]
[WhiteFideId "3800458"]
[BlackFideId "902152"]
[WhiteElo "2225"]
[BlackElo "2418"]

1. d4 Nf6 2. c4 e6 3. Nc3 c5 4. d5 d6 5. e4 exd5 6.
cxd5 g6 7. f4 Bg7 8. Bb5+ Nfd7 9. a4 a6 10. Bd3 O-O 11. Nf3 Nf6 12. h3 Re8 13. O-O c4 14.
Bc2 Nbd7 15. Re1 Qc7 16. Be3 Rb8 17. a5 b5 18. axb6 Nxb6 19. e5 Nfd7 20.
e6 fxe6 21. dxe6 Rxe6 22. Nd5 Nxd5 23. Qxd5 Nf6 24. Qd2 Rxb2 25. Bd4 Rb8 26. Ng5 Rxe1+ 27. Rxe1 Bb7 28. Ne6 Qf7 29. Nxg7 Kxg7 30. Qc3 Rf8 31. f5 gxf5 32. Bxf5 Bd5 33.
Qg3+ Kh8 34. Qxd6 Qg7 35. g4 Bg8 36. Kh2 h5 37. Re7 Qh6 38. Re2 hxg4 39.
Bxg4 Kh7 40. Re7+ Kh8 41. Qe5 c3 42. Bxc3 a5 43. Ra7 a4 44. Kg3 Bb3 45.
Qe7 Kg8 46. Ra6 Ne4+ 47. Kg2 Qh7 48.
Be6+ {Bandera} 0-1

[Event "Cerrado Blitz Quart 2018"]
[Site "Quart (Valencia), Spain"]
[Date "2018.08.30"]
[Round "8.4"]
[White "Alonso Garcia, Aaron"]
[Black "Ordoñez Carrasco, Jorge"]
[Result "1-0"]
[TimeControl "7 minutos +3s por jugada"]
[WhiteTitle "FM"]
[WhiteFideId "24521060"]
[BlackFideId "24529826"]
[WhiteElo "1604"]
[BlackElo "1531"]

1. e4 c5 2. Nf3 d6 3. d4 cxd4 4. Nxd4 Nf6 5. Nc3 g6 6.
Bc4 Bg7 7. Bb3 O-O 8. f3 Nc6 9.
Be3 Bd7 10. Qd2 Rc8 11.
O-O-O Ne5 12. g4 Nc4 13. Bxc4 Rxc4 14. h4 b5 15. h5 b4 16. Nce2 a5 17. Bh6 Qc7 18. Bxg7
Kxg7 19. hxg6 fxg6 20. Qh6+ Kg8 21. g5 Nh5 22. Rxh5 gxh5 23. g6 hxg6 24. Qxg6+ Kh8 25. Rh1 1-0

[Event "Cerrado Blitz Quart 2018"]
[Site "Quart (Valencia), Spain"]
[Date "2018.08.30"]
[Round "8.5"]
[White "Diaz Velandia, J Manuel"]
[Black "Chernikov, Vladimir"]
[Result "1-0"]
[TimeControl "7 minutos +3s por jugada"]
[WhiteTitle "FM"]
[WhiteFideId "3901939"]
[BlackFideId "14112914"]
[WhiteElo "2367"]
[BlackElo "2035"]

1. d4 Nf6 2. Nf3 b6 3. e3 Bb7 4. Bd3 g6 5. O-O Bg7 6. Nbd2 O-O 7. c3 d6 8. e4 e6 9.
Re1 Nbd7 10. Nf1 e5 11. Ng3 Qe7 12. Bg5 h6 13. Bd2 Rae8 14. h4 Kh8 15. h5 Nxh5 16.
Nxh5 gxh5 17. g3 Rg8 18. Nh4 exd4 19. Nf5 Qf6 20. cxd4 c5 21. Qxh5 cxd4 22. Bxh6 Bxh6 23. Nxh6 Kg7 24. Nxg8 Rxg8 25. Qg4+ Kf8 26.
Qxd7 Qf3 27. Qd8+ Kg7 28. Qg5+ Kf8 29. Qh6+ Ke7 30. Qh4+ Kf8 31.
Bf1 1-0

[Event "Cerrado Blitz Quart 2018"]
[Site "Quart (Valencia), Spain"]
[Date "2018.08.30"]
[Round "9.1"]
[White "Chernikov, Vladimir"]
[Black "Pena Riasco, Alexander"]
[Result "1-0"]
[TimeControl "7 minutos +3s por jugada"]
[BlackTitle "FM"]
[WhiteFideId "14112914"]
[BlackFideId "4403339"]
[WhiteElo "2035"]
[BlackElo "2119"]

1. b3 d5 2. Bb2 Nf6 3. e3 Bf5 4. Nf3 e6 5. h3 h6 6. Be2 Be7 7.
d3 c5 8. Nbd2 Nc6 9. a3 b5 10. c4 bxc4 11. bxc4 Qa5 12. O-O O-O 13. Qc2 Rab8 14. Bc3 Qc7 15.
Rfb1 dxc4 16. Nxc4 Nd5 17. Bd2 Bh7 18.
Rxb8 Rxb8 19. Rb1 Bf6 20.
g3 Rxb1+ 21. Qxb1 Nc3 22. Bxc3 Bxc3 23. Qb5 Bf5 24. g4 Bg6 25. Qxc5 Qb7 26. Nd6 Bf6 27. Nxb7 Bc3 28. Nd6 1-0

[Event "Cerrado Blitz Quart 2018"]
[Site "Quart (Valencia), Spain"]
[Date "2018.08.30"]
[Round "9.2"]
[White "Ordoñez Carrasco, Jorge"]
[Black "Diaz Velandia, J Manuel"]
[Result "0-1"]
[TimeControl "7 minutos +3s por jugada"]
[BlackTitle "FM"]
[WhiteFideId "24529826"]
[BlackFideId "3901939"]
[WhiteElo "1531"]
[BlackElo "2367"]

1. e4 c6 2. d4 d5 3. Nc3 dxe4 4. Nxe4 Nf6 5. Nxf6+ exf6 6. c3 Bd6 7. Bd3 O-O 8. h3 Re8+ 9. Ne2 Nd7 10.
Qc2 Nf8 11. O-O Qc7 12. Bd2 Ng6 13.
Rfe1 Bd7 14. c4 Rad8 15. Nc3 Be6 16. Ne4 Bh2+ 17. Kh1 Rxd4 18.
g3 Red8 19. Re3 Bf5 20. Bc3 Rxd3 21. Rxd3 Bxe4+ 22. Kxh2 Bxd3 23. Qb3 Qb6 24. Qxb6 axb6 25. b3 Bf5 26. Re1 Be6 27. g4 f5 28. Kg3 Rd3+ 0-1

[Event "Cerrado Blitz Quart 2018"]
[Site "Quart (Valencia), Spain"]
[Date "2018.08.30"]
[Round "9.3"]
[White "Kovacevic, Slobodan"]
[Black "Alonso Garcia, Aaron"]
[Result "1-0"]
[TimeControl "7 minutos +3s por jugada"]
[WhiteTitle "IM"]
[BlackTitle "FM"]
[WhiteFideId "902152"]
[BlackFideId "24521060"]
[WhiteElo "2418"]
[BlackElo "1604"]

1. d4 Nf6 2. Nf3 e6 3. Bf4 b6 4. Nbd2 Bb7 5. e3 Be7 6. h3 c5 7. Bd3 Nc6 8. c3 O-O 9.
O-O Re8 10. Qe2 d5 11. Bh2 Bf8 12. Rfd1 Nd7 13. Ne5 Rc8 14. Bxh7+ Kxh7 15. Qh5+ Kg8 16. Qxf7+ Kh7 17. Nxd7 Qe7 18. Qh5+ Kg8 19. Ne5 Nxe5 20. Bxe5 Qf7 21. Qe2 Be7 22. f4 Qg6 23.
Qg4 Qxg4 24. hxg4 Ba6 25. Kf2 Kf7 26. Rh1 Rh8 27. e4 cxd4 28. Bxd4 dxe4 29. Nxe4 Bb7 30. Ke3 Bd5 31. a3 a6 32. Rh5 Rh6 33.
Rah1 Rg6 34. g5 b5 35. Rh8 Rg8 36. g4 a5 37. R1h2 b4 38. cxb4 axb4 39. a4 e5 40. Bxe5 Ra6 41. Rxg8 Kxg8 42. Rd2 Bxe4 43. Kxe4 Rxa4 44. Rd7 Bf8 45. g6 Ra6 46. f5 Rc6 47. Rd8 b3 48. Rb8 Rc4+ 49. Kf3 Rc6 50. Bc3 Rc4 51.
Ke2 Rxg4 52. Rxb3 Re4+ 53. Kf3 Re8 54. Rb7 Rc8 55. Be5 Rc5 56. Ke4 Rc1 57. Rb8 Rc6 58. Bd4 Ra6 59. b4 1-0

[Event "Cerrado Blitz Quart 2018"]
[Site "Quart (Valencia), Spain"]
[Date "2018.08.30"]
[Round "9.4"]
[White "Lara Lopez, Sergio"]
[Black "Galvan, Jesus"]
[Result "1-0"]
[TimeControl "7 minutos +3s por jugada"]
[BlackTitle "FM"]
[WhiteFideId "2268400"]
[BlackFideId "3800458"]
[WhiteElo "2165"]
[BlackElo "2225"]

1. e4 c5 2. Nc3 Nc6 3. g3 g6 4. Bg2 Bg7 5. d3 d6 6. f4 e6 7.
Nf3 Nge7 8. Be3 Nd4 9. O-O O-O 10. Qd2 f5 11. Nd1 Rb8 12.
c3 Nxf3+ 13. Bxf3 b6 14. d4 fxe4 15. Bxe4 Bb7 16. Nf2 Nd5 17. Rae1 Nxe3 18. Rxe3 cxd4 19. cxd4 Bd5 20. Nh3 Qf6 21. Rd1 Bxe4 22.
Rxe4 Qf5 23. Nf2 Qd5 24. Qe2 Rfe8 25. b3 Rbc8 26. g4 b5 27.
g5 a5 28. Ng4 Kh8 29. h4 Rc3 30. Nf2 Qf5 31. Rd3 Rc1+ 32. Kg2 b4 33. d5 e5 34. fxe5 Bxe5 35. Rf3 Qc8 36. Rf7 Rc7 37. Rxc7 Qxc7 38. Ng4 Kg7 39. Nf6 Rc8 40. Rc4 Qb7 41. h5 Bxf6 42. gxf6+ Kg8 43. Qe6+ Kh8 1-0

[Event "Cerrado Blitz Quart 2018"]
[Site "Quart (Valencia), Spain"]
[Date "2018.08.30"]
[Round "9.5"]
[White "Galvan Cipriani, Viviana"]
[Black "Vega Gutierrez, Sabrina"]
[Result "0-1"]
[TimeControl "7 minutos +3s por jugada"]
[WhiteTitle "WFM"]
[BlackTitle "IM"]
[WhiteFideId "32041144"]
[BlackFideId "2219026"]
[WhiteElo "1948"]
[BlackElo "2188"]

1. c4 c6 2. Nf3 d5 3. b3 Nf6 4. g3 Bf5 5. Bg2 Nbd7 6.
d3 h6 7.
Bb2 e6 8. O-O Be7 9. Nbd2 O-O 10. Qc2 Bh7 11. Bc3 a5 12. a3 b5 13. cxb5 cxb5 14. b4 axb4 15. axb4 Qc7 16. Qb2 Rfc8 17.
Rxa8 Rxa8 18. Nb3 Nb6 19. Be5 Qd8 20.
Qd2 Ra4 21. Nc5 Ra7 22. Rc1 Nfd7 23. Bd4 Rc7 24. Nxd7 Nxd7 25. Rxc7 Qxc7 26. Qb2 f6 27. Bc3 Nb6 28. Qd2 Na4 29.
Ba1 Bg6 30. Nd4 Bf7 31. Bh3 e5 32. Nxb5 Qb7 33. Nc3 Bxb4 34. Qc2 Nxc3 35. Bxc3 Qc6 36. Qa2 Qxc3 37. Qa8+ Bf8 38. Kg2 Qd2 39. Bg4 h5 40. Bf3 g6 41. Bxd5 Qxe2 42. Be4 Kg7 43.
Qb7 Qa2 44. Qd7 Bc5 45. Kh3 Qxf2 46. Bd5 Qf5+ 47. Qxf5 gxf5 48. Bf3 Bg6 49. Kg2 e4 50. dxe4 fxe4 51. Be2 Kf7 52. h3 Ke6 53.
h4 Ke5 54. g4 hxg4 55. Bxg4 f5 56. Be2 f4 57. Kh2 f3 58. Bf1 0-1